| TOP OF THE 1ST |
|
University of South Carolina Gamecocks batting - Pitching for UCLA Bruins : LHP Daniel McConnell
|
|
Pitching: LHP Daniel McConnell
|
|
|
Batting: LHB Chris McNay
|
0-0: Ball 1-0: Ball 2-0: SINGLE (Line Drive, 56, EV 100.0 MPH)
|
|
Batting: RHB Brian Passalacqua
|
0-0: Ball 1-0: Called Strike 1-1: Ball 2-1: Ball 3-1: Base on Balls Chris McNay to second
|
|
Batting: SHB Keith Mihas
|
0-0: Ball 1-0: Called Strike 1-1: Ball 2-1: Foul Ball, location: 2F 2-2: Ball 3-2: Foul Ball, location: 2F 3-2: Foul Ball, location: 2F 3-2: Fly out, F7 (Flyball, 7LMF, EV 90.0 MPH)
|
|
Batting: RHB Justin Kurutz
|
0-0: Ball Chris McNay steals 3rd base 1-0: Ball 2-0: SINGLE (Groundball, 34D, EV 94.4 MPH) (infield hit) Chris McNay scores Brian Passalacqua to second
|
|
Batting: RHB Ben Turner
|
0-0: Ball 1-0: Ball 2-0: SINGLE (Groundball, 4S, EV 68.8 MPH) (infield hit) Brian Passalacqua to third Justin Kurutz to second
|
|
Batting: LHB Bert Webster
|
0-0: Called Strike 0-1: Ball 1-1: GRAND SLAM HOME RUN (Line Drive, 9D, EV 98.8 MPH), Distance : 385 ft
|
|
Batting: LHB Jörg Young
|
0-0: Called Strike 0-1: Ball 1-1: Ball 2-1: Fly out, F8 (Line Drive, 78D, EV 86.2 MPH)
|
|
Batting: LHB David Saltzman
|
0-0: Ball 1-0: Ball 2-0: Ball 3-0: Called Strike 3-1: Foul Ball, location: 2F 3-2: Strikes out swinging
|
| Top of the 1st over - 5 runs, 4 hits, 0 errors, 0 left on base; University of South Carolina 5 - UCLA 0 |
| BOTTOM OF THE 1ST |
|
UCLA Bruins batting - Pitching for University of South Carolina Gamecocks : LHP David Saltzman
|
|
Pitching: LHP David Saltzman
|
|
|
Batting: LHB Mark Cummings
|
0-0: Foul Ball, location: 2F 0-1: Ball 1-1: Ground out 5-3 (Groundball, 25, EV 90.6 MPH)
|
|
Batting: RHB Ken Hillman
|
0-0: Called Strike 0-1: Fly out, F9 (Flyball, 89S, EV 79.4 MPH)
|
|
Batting: RHB Andy Knerr
|
0-0: Ball 1-0: Called Strike 1-1: Called Strike 1-2: Strikes out swinging
|
| Bottom of the 1st over - 0 runs, 0 hits, 0 errors, 0 left on base; University of South Carolina 5 - UCLA 0 |
| TOP OF THE 2ND |
|
University of South Carolina Gamecocks batting - Pitching for UCLA Bruins : LHP Daniel McConnell
|
|
Batting: LHB Corey Lomas
|
0-0: SOLO HOME RUN (Flyball, 9D, EV 98.1 MPH), Distance : 389 ft
|
|
Batting: LHB Chris McNay
|
0-0: Called Strike 0-1: Ball 1-1: Fly out, F7 (Flyball, 7LS, EV 89.4 MPH)
|
|
Batting: RHB Brian Passalacqua
|
0-0: Ball 1-0: Foul Ball, location: 2F 1-1: Foul Ball, location: 2F 1-2: Strikes out swinging
|
|
Batting: SHB Keith Mihas
|
0-0: Called Strike 0-1: Fly out, F9 (Flyball, 9S, EV 87.5 MPH)
|
| Top of the 2nd over - 1 run, 1 hit, 0 errors, 0 left on base; University of South Carolina 6 - UCLA 0 |
| BOTTOM OF THE 2ND |
|
UCLA Bruins batting - Pitching for University of South Carolina Gamecocks : LHP David Saltzman
|
|
Batting: RHB Corey Bradley
|
0-0: Hit by Pitch
|
|
Batting: RHB Issac Konol
|
0-0: Grounds into double play, 5-4-3 (Groundball, 56S, EV 86.2 MPH)
|
|
Batting: RHB Dave Spradley
|
0-0: Fly out, F8 (Flyball, 8LM, EV 83.1 MPH)
|
| Bottom of the 2nd over - 0 runs, 0 hits, 0 errors, 0 left on base; University of South Carolina 6 - UCLA 0 |
| TOP OF THE 3RD |
|
University of South Carolina Gamecocks batting - Pitching for UCLA Bruins : LHP Daniel McConnell
|
|
Batting: RHB Justin Kurutz
|
0-0: Called Strike 0-1: Ball 1-1: Ball 2-1: Foul Ball, location: 2F 2-2: Foul Ball, location: 2F 2-2: Foul Ball, location: 2F 2-2: SINGLE (Flyball, 7S, EV 93.1 MPH)
|
|
Pitching: RHP Luis de Jesus
|
|
|
Batting: RHB Ben Turner
|
0-0: Ball 1-0: SINGLE (Groundball, 4MD, EV 95.0 MPH) Justin Kurutz to second Runner from 2nd tries for 3rd, SAFE, throw by CF made to third
|
|
Batting: LHB Bert Webster
|
0-0: Ball 1-0: SINGLE (Groundball, 13S, EV 71.2 MPH) (infield hit) Ben Turner to second
|
|
Batting: LHB Jörg Young
|
0-0: Swinging Strike 0-1: Fielders Choice at 2nd, 5-4 (Groundball, 56, EV 96.9 MPH) Justin Kurutz scores Ben Turner to third
|
|
Batting: LHB David Saltzman
|
0-0: Foul Ball, location: 2F 0-1: Fly out, F9 (Flyball, 9, EV 95.0 MPH) Runner from 3rd tags up, OUT at HOME! 9-2
|
| Top of the 3rd over - 1 run, 3 hits, 0 errors, 1 left on base; University of South Carolina 7 - UCLA 0 |
| BOTTOM OF THE 3RD |
|
UCLA Bruins batting - Pitching for University of South Carolina Gamecocks : LHP David Saltzman
|
|
Batting: LHB Scott Mullett
|
0-0: Fly out, F8 (Flyball, 8RM, EV 79.4 MPH)
|
|
Batting: RHB Michael Alvarado
|
0-0: Called Strike 0-1: Swinging Strike 0-2: Fly out, F7 (Line Drive, 78S, EV 95.6 MPH)
|
|
Batting: RHB Ivan Murillo
|
0-0: Ball 1-0: Foul Ball, location: 2F 1-1: Ball 2-1: Swinging Strike 2-2: Strikes out swinging, 2-3 out at first.
|
| Bottom of the 3rd over - 0 runs, 0 hits, 0 errors, 0 left on base; University of South Carolina 7 - UCLA 0 |
| TOP OF THE 4TH |
|
University of South Carolina Gamecocks batting - Pitching for UCLA Bruins : RHP Luis de Jesus
|
|
Batting: LHB Corey Lomas
|
0-0: DOUBLE (Groundball, 5L, EV 100.0 MPH)
|
|
Batting: LHB Chris McNay
|
0-0: Ground out U3 (Groundball, 13, EV 80.0 MPH) Corey Lomas to third
|
|
Batting: RHB Brian Passalacqua
|
0-0: Ball 1-0: Ball 2-0: Called Strike 2-1: Called Strike 2-2: 2-RUN HOME RUN (Flyball, 7LD, EV 93.8 MPH), Distance : 359 ft
|
|
Batting: SHB Keith Mihas
|
0-0: Ball 1-0: Swinging Strike 1-1: Ground out 4-3 (Groundball, 34, EV 100.6 MPH)
|
|
Batting: RHB Justin Kurutz
|
0-0: Ball 1-0: Called Strike 1-1: SOLO HOME RUN (Flyball, 78XD, EV 114.4 MPH), Distance : 432 ft
|
|
Batting: RHB Ben Turner
|
0-0: Ground out 5-3 (Groundball, 56S, EV 94.4 MPH)
|
| Top of the 4th over - 3 runs, 3 hits, 0 errors, 0 left on base; University of South Carolina 10 - UCLA 0 |
| BOTTOM OF THE 4TH |
|
UCLA Bruins batting - Pitching for University of South Carolina Gamecocks : LHP David Saltzman
|
|
Batting: LHB Mark Cummings
|
0-0: Ball 1-0: Called Strike 1-1: Ball 2-1: Ball 3-1: Swinging Strike 3-2: Reached on error, E6 (Groundball, 6, EV 85.0 MPH)
|
|
Batting: RHB Ken Hillman
|
0-0: Ball 1-0: Ball 2-0: Called Strike 2-1: Foul Ball, location: 2F 2-2: Foul Ball, location: 2F 2-2: Strikes out swinging
|
|
Batting: RHB Andy Knerr
|
0-0: Ball Mark Cummings steals 2nd base 1-0: Swinging Strike 1-1: Foul Ball, location: 2F 1-2: Ball 2-2: Ball 3-2: Fly out, F8 (Flyball, 8LD, EV 104.4 MPH)
|
|
Batting: RHB Corey Bradley
|
0-0: Ball 1-0: Foul Ball, location: 2F 1-1: Ball 2-1: Ball 3-1: Called Strike 3-2: Foul Ball, location: 2F 3-2: Foul Ball, location: 2F 3-2: Foul Ball, location: 2F 3-2: Ground out 5-3 (Groundball, 5, EV 87.5 MPH)
|
| Bottom of the 4th over - 0 runs, 0 hits, 1 error, 1 left on base; University of South Carolina 10 - UCLA 0 |
| TOP OF THE 5TH |
|
University of South Carolina Gamecocks batting - Pitching for UCLA Bruins : RHP Luis de Jesus
|
|
Pitching: RHP Jan Marvel
|
|
|
Batting: LHB Bert Webster
|
0-0: Swinging Strike 0-1: Called Strike 0-2: Ball 1-2: Ball 2-2: Ground out 4-3 (Groundball, 34D, EV 78.8 MPH)
|
|
Batting: LHB Jörg Young
|
0-0: Swinging Strike 0-1: Fly out, F6 (Line Drive, 6, EV 70.0 MPH)
|
|
Batting: LHB David Saltzman
|
0-0: Ball 1-0: SINGLE (Line Drive, 8RS, EV 95.0 MPH)
|
|
Batting: LHB Corey Lomas
|
0-0: Foul Ball, location: 2F 0-1: Ground out 4-3 (Groundball, 34, EV 85.0 MPH)
|
| Top of the 5th over - 0 runs, 1 hit, 0 errors, 1 left on base; University of South Carolina 10 - UCLA 0 |
| BOTTOM OF THE 5TH |
|
UCLA Bruins batting - Pitching for University of South Carolina Gamecocks : LHP David Saltzman
|
|
Batting: RHB Issac Konol
|
0-0: Ball 1-0: Called Strike 1-1: SOLO HOME RUN (Flyball, 78XD, EV 109.4 MPH), Distance : 431 ft
|
|
Batting: RHB Dave Spradley
|
0-0: Ball 1-0: Foul Ball, location: 2F 1-1: Ball 2-1: Fly out, F7 (Flyball, 7LS, EV 76.9 MPH)
|
|
Batting: LHB Scott Mullett
|
0-0: Foul Ball, location: 2F 0-1: Called Strike 0-2: Strikes out swinging
|
|
Batting: RHB Michael Alvarado
|
0-0: Ball 1-0: Ball 2-0: Ground out 5-3 (Groundball, 56S, EV 91.9 MPH)
|
| Bottom of the 5th over - 1 run, 1 hit, 0 errors, 0 left on base; University of South Carolina 10 - UCLA 1 |
| TOP OF THE 6TH |
|
University of South Carolina Gamecocks batting - Pitching for UCLA Bruins : RHP Jan Marvel
|
|
Batting: LHB Chris McNay
|
0-0: Called Strike 0-1: Swinging Strike 0-2: Strikes out swinging
|
|
Batting: RHB Brian Passalacqua
|
0-0: Foul Ball, location: 2F 0-1: Foul Ball, location: 2F 0-2: Fly out, F7 (Flyball, 7D, EV 90.6 MPH)
|
|
Batting: SHB Keith Mihas
|
0-0: Hit by Pitch
|
|
Batting: RHB Justin Kurutz
|
0-0: Ground out 6-3 (Groundball, 6M, EV 86.9 MPH)
|
| Top of the 6th over - 0 runs, 0 hits, 0 errors, 1 left on base; University of South Carolina 10 - UCLA 1 |
| BOTTOM OF THE 6TH |
|
UCLA Bruins batting - Pitching for University of South Carolina Gamecocks : LHP David Saltzman
|
|
Batting: RHB Ivan Murillo
|
0-0: Foul Ball, location: 2F 0-1: Ball 1-1: Ball 2-1: Ground out 4-3 (Groundball, 4, EV 102.5 MPH)
|
|
Batting: LHB Mark Cummings
|
0-0: Called Strike 0-1: Called Strike 0-2: Ball 1-2: Strikes out looking
|
|
Batting: RHB Ken Hillman
|
0-0: Ball 1-0: Ball 2-0: Called Strike 2-1: Ground out 6-3 (Groundball, 6D, EV 108.1 MPH)
|
| Bottom of the 6th over - 0 runs, 0 hits, 0 errors, 0 left on base; University of South Carolina 10 - UCLA 1 |
| TOP OF THE 7TH |
|
University of South Carolina Gamecocks batting - Pitching for UCLA Bruins : RHP Jan Marvel
|
|
Batting: RHB Ben Turner
|
0-0: Called Strike 0-1: Ground out 3-1 (Groundball, 34, EV 105.0 MPH)
|
|
Batting: LHB Bert Webster
|
0-0: Ball 1-0: Foul Ball, location: 2F 1-1: Foul Ball, location: 2F 1-2: Ball 2-2: Foul Ball, location: 2F 2-2: Ground out 6-3 (Groundball, 6M, EV 111.9 MPH)
|
|
Batting: LHB Jörg Young
|
0-0: Called Strike 0-1: Foul Ball, location: 2F 0-2: Ball 1-2: Foul Ball, location: 2F 1-2: Ball 2-2: Ball 3-2: Base on Balls
|
|
Pitching: RHP Mark Crawford
|
|
|
Batting: LHB David Saltzman
|
0-0: 2-RUN HOME RUN (Line Drive, 7D, EV 102.5 MPH), Distance : 380 ft
|
|
Batting: LHB Corey Lomas
|
0-0: Fly out, F8 (Flyball, 8RM, EV 85.6 MPH)
|
| Top of the 7th over - 2 runs, 1 hit, 0 errors, 0 left on base; University of South Carolina 12 - UCLA 1 |
| BOTTOM OF THE 7TH |
|
UCLA Bruins batting - Pitching for University of South Carolina Gamecocks : LHP David Saltzman
|
|
Pinch Hitting: SHB Mike Beck
|
0-0: Foul Ball, location: 2F 0-1: Ball 1-1: DOUBLE (Flyball, 8RXD, EV 109.4 MPH)
|
|
Batting: RHB Corey Bradley
|
0-0: SINGLE (Line Drive, 6M, EV 93.8 MPH) Mike Beck to third
|
|
Batting: RHB Issac Konol
|
0-0: Called Strike 0-1: Foul Ball, location: 2F 0-2: Ball 1-2: Ball 2-2: Grounds into double play, 6-4-3 (Groundball, 6, EV 98.8 MPH) Mike Beck scores
|
|
Batting: RHB Dave Spradley
|
0-0: Ball 1-0: Called Strike 1-1: Called Strike 1-2: Strikes out swinging
|
| Bottom of the 7th over - 1 run, 2 hits, 0 errors, 0 left on base; University of South Carolina 12 - UCLA 2 |
| TOP OF THE 8TH |
|
University of South Carolina Gamecocks batting - Pitching for UCLA Bruins : RHP Mark Crawford
|
|
Now in LF: Mike Beck
|
|
|
Batting: LHB Chris McNay
|
0-0: Ball 1-0: Fly out, F9 (Flyball, 9D, EV 90.0 MPH)
|
|
Batting: RHB Brian Passalacqua
|
0-0: Called Strike 0-1: Called Strike 0-2: SINGLE (Groundball, 3D, EV 95.6 MPH)
|
|
Batting: SHB Keith Mihas
|
0-0: Ball 1-0: Ball 2-0: Called Strike 2-1: Ball 3-1: Called Strike 3-2: Grounds into double play, 3-6-3 (Groundball, 3, EV 99.4 MPH)
|
| Top of the 8th over - 0 runs, 1 hit, 0 errors, 0 left on base; University of South Carolina 12 - UCLA 2 |
| BOTTOM OF THE 8TH |
|
UCLA Bruins batting - Pitching for University of South Carolina Gamecocks : LHP David Saltzman
|
|
Batting: LHB Scott Mullett
|
0-0: Fly out, F7 (Line Drive, 7D, EV 90.0 MPH)
|
|
Batting: RHB Michael Alvarado
|
0-0: Called Strike 0-1: Ball 1-1: Foul Ball, location: 2F 1-2: Ball 2-2: Ball 3-2: Foul Ball, location: 2F 3-2: Foul Ball, location: 2F 3-2: Foul Ball, location: 2F 3-2: SINGLE (Line Drive, 3D, EV 107.5 MPH)
|
|
Batting: RHB Ivan Murillo
|
0-0: Ball 1-0: Ball 2-0: Fly out, F5 (Popup, 5, EV 66.2 MPH)
|
|
Pitching: LHP Cris Duran
|
|
|
Batting: LHB Mark Cummings
|
0-0: Called Strike 0-1: Ground out 4-3 (Groundball, 4, EV 78.1 MPH)
|
| Bottom of the 8th over - 0 runs, 1 hit, 0 errors, 1 left on base; University of South Carolina 12 - UCLA 2 |
| TOP OF THE 9TH |
|
University of South Carolina Gamecocks batting - Pitching for UCLA Bruins : RHP Mark Crawford
|
|
Pitching: LHP Honor Munoz
|
|
|
Batting: RHB Justin Kurutz
|
0-0: Called Strike 0-1: Swinging Strike 0-2: Strikes out looking
|
|
Batting: RHB Ben Turner
|
0-0: Ground out U3 (Groundball, 3, EV 106.9 MPH)
|
|
Batting: LHB Bert Webster
|
0-0: Called Strike 0-1: Fly out, F9 (Line Drive, 9, EV 95.6 MPH)
|
| Top of the 9th over - 0 runs, 0 hits, 0 errors, 0 left on base; University of South Carolina 12 - UCLA 2 |
| BOTTOM OF THE 9TH |
|
UCLA Bruins batting - Pitching for University of South Carolina Gamecocks : LHP Cris Duran
|
|
Batting: RHB Ken Hillman
|
0-0: Ball 1-0: Ball 2-0: Ball 3-0: Base on Balls
|
|
Batting: SHB Mike Beck
|
0-0: Swinging Strike 0-1: Foul Ball, location: 2F 0-2: Ball 1-2: Ball 2-2: Ball 3-2: Foul Ball, location: 2F 3-2: Fly out, F8 (Flyball, 8LXD, EV 90.6 MPH)
|
|
Batting: SHB Sean Munns
|
0-0: Ball 1-0: Ball 2-0: Ball 3-0: Called Strike 3-1: Base on Balls Ken Hillman to second
|
|
Pitching: RHP Nelson Knopp
|
|
|
Batting: RHB Issac Konol
|
0-0: Called Strike 0-1: Foul Ball, location: 2F 0-2: Ball 1-2: Fly out, F8 (Flyball, 8RM, EV 87.5 MPH)
|
|
Batting: RHB Dave Spradley
|
0-0: Ball 1-0: Foul Ball, location: 2F 1-1: Called Strike 1-2: Foul Ball, location: 2F 1-2: Foul Ball, location: 2F 1-2: Ball 2-2: Fielders Choice at 2nd, 5-4 (Groundball, 5, EV 85.0 MPH)
|
| Bottom of the 9th over - 0 runs, 0 hits, 0 errors, 2 left on base; University of South Carolina 12 - UCLA 2 |
|